nht, chaotic female elven Wizard .| ---.| @ |...| @ | ---.|.| ------}|.[.|.| @ |}}}}}}|.--|.| s |}...@...| |.| --|@.....--- |.| ..@.....| |.| |.- --|}.....| ---.| |(| U B |}.....| |..)| |.| r |}}}'}}| |.--- |.| ------}| |.| |.| o | |.| |.| & |.| |.| ..[.. --- nht the Thaumaturge Experience level: 8 Strength: 10 Dexterity: 18 Constitution: 16 Intelligence: 16 Wisdom: 11 Charisma: 9 Health: 30(72) Energy: 9(94) Def: 4 Gold: 2587 Moves: 2576 Dungeon seed: T0VS33TR-OU71O17 Game ID: nht_1433134169 Your Inventory: Coins $ - 2587 gold pieces Amulets z - an uncursed amulet of ESP Weapons a - a blessed +1 quarterstaff (weapon in hands) Armor e - an uncursed +0 cloak of magic resistance (being worn) n - an uncursed +0 pair of gauntlets of dexterity (being worn) y - an uncursed +0 pair of jumping boots (being worn) P - an uncursed +0 helm of telepathy (being worn) Comestibles w - an uncursed lembas wafer E - an uncursed cram ration K - 2 uncursed slime molds Scrolls j - 3 uncursed scrolls of blank paper k - 3 uncursed scrolls of identify m - 2 uncursed scrolls of scare monster q - an uncursed scroll of teleportation B - an uncursed scroll of stinking cloud G - an uncursed scroll of confuse monster I - an uncursed scroll of gold detection T - a blessed scroll of light W - 2 uncursed scrolls of blank paper Spellbooks L - a blessed spellbook of blank paper Potions U - an uncursed potion of water Rings c - an uncursed +3 ring of gain constitution (on left hand) d - an uncursed ring of warning r - an uncursed ring of slow digestion u - an uncursed ring of teleport control (on right hand) Wands b - a wand of make invisible (0:7) f - a wand of lightning (0:4) A - a wand of teleportation (0:6) F - a wand of teleportation (0:4) M - a cursed wand of digging (0:8) Tools i - an uncursed partly used tallow candle (lit) (0:150) o - a magic marker (0:30) p - an uncursed leather drum t - an uncursed towel v - an uncursed lock pick x - a +0 pick-axe C - 9 uncursed wax candles (0:400) D - 7 uncursed tallow candles (0:200) O - an uncursed magic whistle R - an uncursed oil lamp (0:0) Gems Z - an uncursed flint stone Spells known in the end: Name Level Category Fail Memory a - force bolt 1 attack 0% 88% b - magic missile 2 attack 0% 88% c - sleep 1 enchantment 0% 88% d - detect monsters 1 divination 0% 93% e - healing 1 healing 0% 94% f - clairvoyance 3 divination 97% 98% Your skills at the end: Fighting Skills Weapon Skills quarterstaff [Basic] Spellcasting Skills attack spells [Basic] enchantment spells [Basic] Final Attributes: You were piously aligned. You were sleep resistant. You were magic-protected. You were hallucinating. You were telepathic. You had infravision. You could jump. You had teleport control. You were held by a giant eel. You were lucky. You are dead. Vanquished creatures: a minotaur a winter wolf cub a leprechaun a gnome king a snake 3 fire ants 8 gnome lords 4 gnomish wizards 2 little dogs 2 floating eyes a kitten 13 dwarves an acid blob 3 hobbits a hobgoblin a giant rat 39 gnomes 2 garter snakes a gnome zombie 2 jackals 2 foxen 2 grid bugs 2 newts and a partridge in a pear tree 94 creatures vanquished. Voluntary challenges: You had followed a strict vegan diet until turn 2565. You had followed a strict vegetarian diet until turn 2565. You used a wielded weapon 142 times, starting on turn 9. You read items or engraved 38 times, starting on turn 362. You never genocided any monsters. You never polymorphed an object. You changed form 1 time, starting on turn 1427. You used no wishes. You never split a pudding. You wrote Elbereth's name 18 times, starting on turn 362. You never violated your personal moral code. You disabled loading bones files. Dungeon overview: The Dungeons of Doom: levels 1 to 25 Level 1 a long staircase Level 2 an altar to Anhur stairs to The Gnomish Mines Level 3 Level 4 a general store, a fountain Level 5 an armor shop, some fountains Level 6 Level 7 Level 8 Level 9 a fountain Level 10 a fountain Level 11 Level 12 Level 13 a weapon shop Level 14 Level 15 Level 16 (chauns) Level 17 (chauns) Level 18 Level 19 (trices) Level 20 Level 21 a fountain Level 22 Level 23 Level 24 Level 25 <- You were here Gehennom: Level 26 stairs to The Dungeons of Doom The Gnomish Mines: levels 3 to 8 Level 3 stairs to The Dungeons of Doom Level 4 Level 5 Level 6 many shops, a temple to Thoth, some fountains, some trees Level 7 Level 8 History has recorded: On T:1 you entered the Dungeons of Doom to retrieve the Amulet of Yendor! On T:41 you reached level 2 of The Dungeons of Doom. On T:98 you reached level 3 of The Dungeons of Doom. On T:153 you reached level 1 of The Gnomish Mines. On T:159 you advanced to experience level 2. On T:228 you advanced to experience level 3. On T:248 you advanced to experience level 4. On T:263 you reached level 2 of The Gnomish Mines. On T:303 you advanced to experience level 5. On T:373 you reached level 3 of The Gnomish Mines. On T:421 you reached level 4 of The Gnomish Mines. On T:431 you advanced to experience level 6. On T:555 you reached level 5 of The Gnomish Mines. On T:848 you reached level 6 of The Gnomish Mines. On T:910 you advanced to experience level 7. On T:1867 you reached level 4 of The Dungeons of Doom. On T:1927 you reached level 5 of The Dungeons of Doom. On T:2125 you reached level 6 of The Dungeons of Doom. On T:2151 you reached level 7 of The Dungeons of Doom. On T:2170 you reached level 8 of The Dungeons of Doom. On T:2188 you reached level 9 of The Dungeons of Doom. On T:2242 you reached level 10 of The Dungeons of Doom. On T:2259 you reached level 11 of The Dungeons of Doom. On T:2279 you reached level 12 of The Dungeons of Doom. On T:2296 you reached level 13 of The Dungeons of Doom. On T:2331 you reached level 14 of The Dungeons of Doom. On T:2334 you reached level 15 of The Dungeons of Doom. On T:2355 you reached level 16 of The Dungeons of Doom. On T:2366 you reached level 17 of The Dungeons of Doom. On T:2380 you reached level 18 of The Dungeons of Doom. On T:2390 you reached level 19 of The Dungeons of Doom. On T:2401 you reached level 20 of The Dungeons of Doom. On T:2419 you reached level 21 of The Dungeons of Doom. On T:2436 you reached level 22 of The Dungeons of Doom. On T:2463 you reached level 23 of The Dungeons of Doom. On T:2483 you reached level 24 of The Dungeons of Doom. On T:2500 you reached The Castle. On T:2519 you advanced to experience level 8. On T:2524 you reached The Valley of the Dead. Score breakdown: Gold: 2587 (11609 points) Experience: 8 levels (14739 points) Exploration: 26 levels ( 57.78%) (22613 points) Discoveries: 21 items ( 7.61%) ( 8275 points) Valuables value: (no points given unless you survive) Artifact value: 0 ( 0 points) Variety of kills: 23 monsters ( 6.07%) ( 7390 points) Time penalty: 2576 turns ( -374 points) Survival: died (score multiplied by 80%) Total score: 51401 Latest messages: You fall through... You feel that monsters are aware of your presence. You hear a mumbled curse. The air elemental turns to flee! The rothe turns to flee! The vampire bat turns to flee! You dig a hole through the floor. You fall through... Gaziantep seems uninterested. "For you, esteemed lady; only 13 for this oil lamp." i - an uncursed oil lamp (lit) (0:79) (unpaid, 13 zorkmids). "For you, honored lady; only 13 per tallow candle." D - 8 uncursed tallow candles (unpaid, 104 zorkmids). "For you, esteemed lady; only 66 for this towel." t - an uncursed towel (unpaid, 66 zorkmids). "For you, esteemed lady; only 26 per wax candle." C - 9 uncursed wax candles (unpaid, 234 zorkmids). "For you, good lady; only 4000 per blue gem." g - 2 uncursed blue gems (unpaid, 8000 zorkmids). "For you, honored lady; only 400 per green gem." J - 2 green gems (unpaid, 800 zorkmids). "For you, esteemed lady; only 666 per red gem." You write in the dust with your fingers. You have difficulty writing in your present condition. The homunculus bites! The sleazoid drowns you... Final status: Goodbye nht the Wizard, drowned in a moat by a giant eel... You drowned in The Dungeons of Doom on dungeon level 25 with 51401 points, and 2587 pieces of gold, after 2576 moves. You were level 8 with a maximum of 72 hit points when you drowned.